 Dungeon Crawl Stone Soup version 0.29-a0-103-g37f86683bf (webtiles) character file.

Game seed: 2224448425895439749

1271 Murumi the Ruffian (level 8, 0/78 HPs)
             Began as a Troll Monk on Feb 16, 2022.
             Was a Priest of Cheibriados.
             Engulfed by a cloud of freezing vapour (12 damage)
             ... on level 6 of the Dungeon.
             The game lasted 00:16:26 (4685 turns).

Murumi the Ruffian (Troll Monk)                     Turns: 4685, Time: 00:16:27

Health: 0/78       AC:  6    Str: 28    XL:     8   Next: 28%
Magic:  0/8        EV: 13    Int: 16    God:    Cheibriados [***...]
Gold:   253        SH:  0    Dex: 26    Spells: 7/7 levels left

rFire   x . .      SeeInvis .     - Unarmed
rCold   + . .      Faith    .   (no shield)
rNeg    . . .      Spirit   +   a - +0 robe
rPois   .          Reflect  .   (helmet restricted)
rElec   .          Harm     .   i - +1 cloak
rCorr   .          Rampage  .   (gloves unavailable)
Will    .....                   (boots unavailable)
Stlth   ++........              o - amulet of guardian spirit
HPRegen 1.03/turn               k - +6 ring of dexterity
MPRegen 0.11/turn               b - ring of ice

@: very slow
A: large, unfitting armour, claws 3, regeneration 1, shaggy fur 1, tough skin 1
a: Renounce Religion, Bend Time, Temporal Distortion


You were on level 6 of the Dungeon.
You worshipped Cheibriados.
Cheibriados was most pleased with you.
You visited 1 branch of the dungeon, and saw 6 of its levels.

You collected 253 gold pieces.

Inventory:

Missiles
 d - 80 stones (quivered)
 s - a boomerang
Armour
 a - a +0 robe (worn)
 i - a +1 cloak (worn)
Jewellery
 b - a ring of ice (right claw)
 g - a ring of magical power
 k - a +6 ring of dexterity (left claw)
 l - a ring of poison resistance
 m - a ring of willpower
 o - an amulet of guardian spirit (around neck)
Wands
 v - a wand of flame (24)
Scrolls
 e - a scroll of amnesia
 j - a scroll of fear
 w - a scroll of teleportation
Potions
 c - a potion of flight
 f - 5 potions of curing
 h - 3 potions of resistance
 n - 3 potions of lignification
 p - a potion of mutation
 q - a potion of brilliance {unknown}
 r - a potion of haste {unknown}
 t - a potion of heal wounds {unknown}
 u - a potion of might {unknown}


   Skills:
 - Level 4.0 Fighting
 - Level 5.0 Throwing
 - Level 2.0 Armour
 - Level 4.0 Dodging
 - Level 1.0 Stealth
 + Level 5.6 Unarmed Combat
 - Level 2.0 Invocations
 - Level 1.0 Evocations


You had 7 spell levels left.
You didn't know any spells.
Your spell library contained the following spells:

 Spells                   Type           Power      Damage    Failure   Level
 Blink                    Tloc           0%         N/A       36%         2
 Lesser Beckoning         Tloc           0%         N/A       58%         3
 Manifold Assault         Tloc           0%         N/A       100%        5


Dungeon Overview and Level Annotations

Branches:
Dungeon (6/15)             Temple (0/1) D:6

Altars:
Ashenzari
Cheibriados
Trog
The Shining One

Shops:
D:6 **


Innate Abilities, Weirdness & Mutations

You are too large for most types of armour.
You have claws for hands.
Your natural rate of healing is unusually fast.
You are covered in fur. (AC +1)
You have tough skin. (AC +1)


Message History

The worm closely misses you.
You claw the worm!
You kill the worm!
Cheibriados appreciates the change of pace.
As you open the door, it creaks loudly!
There is an open door here.
Found a bloodstained altar of Trog.
You now have 253 gold pieces (gained 5).
You open the door.
There is an open door here.
There is an open door here.
Found Puolom's General Store.
Found Raek's Specific Store.
w - a scroll of teleportation
There is an entrance to Puolom's General Store here.
You can access your shopping list by pressing '$'.
There is an entrance to Raek's Specific Store here.
Partly explored, can't reach some items.
You're wearing all the rings you can.
Remove which one? (? for menu, Esc to cancel) < or
k - a +6 ring of dexterity; > or
l - a ring of poison resistance You remove your ring of poison resistance.
You feel more attuned to ice.
b - a ring of ice (right claw)
There is an open door here.
There is an open door here.
As you open the door, it creaks loudly!
There is an open door here.
Really walk into a travel-excluded area?
You are engulfed in freezing vapours.
You resist.
You are engulfed in freezing vapours.
You resist.
You are engulfed in freezing vapours.
You resist.
You are engulfed in freezing vapours.
You resist.
You are engulfed in freezing vapours.
You resist.
You are engulfed in freezing vapours.
You resist.
* * * LOW HITPOINT WARNING * * *
You are engulfed in freezing vapours.
You resist.
* * * LOW HITPOINT WARNING * * *
You are engulfed in freezing vapours.
You resist.
You die...

..##...###.##.......#.#...#
..++...+<..########.#.#.###
..##...#.#..............#
..+.....>#.#..#####.#.#.#
..#)..........#####.###^#
###################...#8#
$$$$.§☼○○○○.......###.#^#
#################.#...#.#
.....○°...○○○○○○@○#.###.#
'##################.###.#
...########.............#
...# #...........### ...#
#......##...## #..#
#......#.._..# #..#
#......#.....# ...#
####......#######
..######.............#


There were no monsters in sight!

Vanquished Creatures
  A steam dragon (D:6)
  A sky beast (D:6)
  2 black bears
  2 necrophages (D:4)
  2 phantoms (D:4)
  2 orc priests
  A bullfrog skeleton (D:5)
  2 bullfrog zombies
  4 hounds
  An iguana (D:4)
  2 orc wizards
  3 gnolls (D:4)
  4 adders
  8 worms
  2 dart slugs
  13 orcs
  11 endoplasms
  4 giant cockroaches
  6 goblins
  7 hobgoblins
  9 jackals
  9 kobolds
  A quokka (D:1)
  9 ball pythons
  3 bats
  2 frilled lizards (D:2)
  4 rats
115 creatures vanquished.

Vanquished Creatures (collateral kills)
  A bat (D:3)
1 creature vanquished.

Vanquished Creatures (others)
  A fungus (D:2)
  2 plants (D:2)
3 creatures vanquished.

Grand Total: 119 creatures vanquished

Notes
Turn   | Place    | Note
-------+----------+-------------------------------------------
     0 | D:1      | Murumi the Troll Monk began the quest for the Orb.
     0 | D:1      | Reached XP level 1. HP: 22/22 MP: 0/0
   108 | D:1      | Reached XP level 2. HP: 29/29 MP: 1/1
   660 | D:2      | Reached XP level 3. HP: 37/37 MP: 2/2
   950 | D:2      | Reached skill level 1 in Throwing
  1518 | D:2      | Found a faded altar of an unknown god.
  1527 | D:2      | Prayed at the altar of an unknown god.
  1527 | D:2      | Became a worshipper of Cheibriados the Contemplative
  1527 | D:2      | Reached * piety under Cheibriados
  1527 | D:2      | Reached ** piety under Cheibriados
  1663 | D:3      | Reached *** piety under Cheibriados
  1666 | D:3      | Reached XP level 4. HP: 45/45 MP: 3/3
  1766 | D:3      | Reached skill level 1 in Invocations
  1768 | D:3      | You fall into a shaft and drop 3 floors!
  1769 | D:6      | Noticed a phantom
  1775 | D:6      | Reached skill level 1 in Armour
  1792 | D:6      | Reached XP level 5. HP: 53/53 MP: 4/4
  1809 | D:6      | Noticed a black bear
  1826 | D:6      | Killed a black bear
  1827 | D:6      | Reached XP level 6. HP: 48/61 MP: 5/5
  1871 | D:6      | Noticed a sky beast
  1881 | D:6      | Killed a sky beast
  1900 | D:5      | Entered Level 5 of the Dungeon
  1956 | D:4      | Reached **** piety under Cheibriados
  2019 | D:4      | Reached XP level 7. HP: 63/67 MP: 7/7
  2032 | D:4      | Reached skill level 5 in Unarmed Combat
  2235 | D:4      | Found a glowing golden altar of the Shining One.
  3761 | D:5      | Reached XP level 8. HP: 75/78 MP: 8/8
  4145 | D:6      | Found a staircase to the Ecumenical Temple.
  4176 | D:6      | Reached skill level 5 in Throwing
  4195 | D:6      | Found a broken altar of Ashenzari.
  4342 | D:6      | Reached skill level 1 in Evocations
  4482 | D:6      | Found a bloodstained altar of Trog.
  4624 | D:6      | Found Puolom's General Store.
  4627 | D:6      | Found Raek's Specific Store.
  4685 | D:6      | Engulfed by a cloud of freezing vapour

Illustrated notes

Levels and vault maps discovered:
D:1:      lightli_arrival_lavapool, layout_rooms
D:2:      minmay_inner_zag, layout_loops_corners,
          shapermc_ecumenical_altar_acropolis
D:3:      layout_loops_ring, grunt_decor_clamped, minmay_misc_feat_pillars
D:4:      layout_basic, tso_metal_star, nicolae_wormholes
D:5:      layout_loops_ring
D:6:      lemuel_ice_spiral_2, layout_basic, nicolae_ashenzari_skybound,
          mainiacjoe_overflow_alcove_1, minmay_temple_entry_offerings,
          nicolae_concentric_dashed_squares_wild, nicolae_specific_store,
          minmay_statues_item, minivault_23, ebering_dispersal_statue_hall,
          palyth_stone_intersect, minmay_curled_crystal

Skill      XL: |  1  2  3  4  5  6  7  8 |
---------------+-------------------------+-----
Fighting       | 3 4 |  4.0
Dodging        | 3 4 |  4.0
Throwing       | 2 3 4 5 |  5.0
Invocations    | 1 2 |  2.0
Armour         | 1 2 |  2.0
Unarmed Combat | 4 5 |  5.6
Evocations     | 1 |  1.0
Stealth        | |  1.0

Action                   |  1- 3 |  4- 6 |  7- 9 || total
-------------------------+-------+-------+-------++-------
Melee: Unarmed           |    87 |    68 |   127 ||   282
       Punch             |     1 |     3 |     2 ||     6
Throw: Stone             |    43 |    15 |    21 ||    79
  Use: Scroll            |     6 |     3 |     7 ||    16
 Stab: Sleeping          |     4 |     4 |     6 ||    14
       Distracted        |       |     1 |     1 ||     2
Armor: Robe              |    18 |    21 |    41 ||    80
Dodge: Dodged            |    43 |    34 |    72 ||   149

Table legend: (Time is in decaauts)
 A = Elapsed time spent in this place.
 B = Non-inter-level travel time spent in this place.
 C = Inter-level travel time spent in this place.
 D = Time resting spent in this place.
 E = Time spent auto-exploring this place.
 F = Levels seen in this place.
 G = Mean time per level.
                   A        B        C        D        E       F      G
               +--------+--------+--------+--------+--------+-----+--------+
         Total |   6326 |   5712 |    614 |      0 |   4688 |   6 | 1054.3 |
       Dungeon |   6326 |   5712 |    614 |      0 |   4688 |   6 | 1054.3 |
               +--------+--------+--------+--------+--------+-----+--------+

Top non-repeatable levels by time:
     D:4: 1470 daAuts
     D:3: 1237 daAuts
     D:2: 1224 daAuts
     D:6: 1030 daAuts
     D:5: 911 daAuts
     D:1: 451 daAuts
